 Dungeon Crawl Stone Soup version 0.23.2-33-g5129a83184 (webtiles) character file.

Game seed: 16648944696437599210

252 Curus the Cudgeler (level 6, -3/51 HPs)
             Began as a Hill Orc Fighter on Aug 5, 2019.
             Killed by nerve-wracking pain
             ... invoked by Menkaure
              (6 damage)
             ... on level 4 of the Dungeon.
             The game lasted 00:15:20 (2826 turns).

Curus the Cudgeler (Hill Orc Fighter)               Turns: 2826, Time: 00:15:20

Health: -3/51      AC: 15    Str: 19    XL:     6   Next: 13%
Magic:  15/15      EV:  3    Int: 10    God:
Gold:   165        SH:  9    Dex: 14    Spells: 5/5 levels left

rFire    . . .     SeeInvis .   a - +1 flail
rCold    . . .     Gourm    .   c - +0 shield
rNeg     . . .     Faith    +   e - +0 plate armour
rPois    .         Spirit   .   (no helmet)
rElec    .         Reflect  .   l - +2 cloak
rCorr    .         Harm     .   (no gloves)
MR       .....                  h - +0 pair of boots
Stlth    ..........             n - amulet of faith
HPRegen  0.17/turn              j - ring of magical power
MPRegen  0.14/turn              (no ring)

@: no status effects
A: agile 1, clever 1
a: no special abilities


You were on level 4 of the Dungeon.
You were not hungry.

You visited 1 branch of the dungeon, and saw 4 of its levels.

You collected 165 gold pieces.

Inventory:

Hand Weapons
 a - a +1 flail (weapon)
Armour
 b - a +0 scale mail
 c - a +0 shield (worn)
 e - a +0 plate armour (worn)
 h - a +0 pair of boots (worn)
 l - a +2 cloak (worn)
Jewellery
 j - a ring of magical power (left hand)
 n - an amulet of faith (around neck)
Wands
 i - a wand of enslavement (1)
Scrolls
 g - 3 scrolls of identify
 k - 2 scrolls of teleportation
Potions
 d - a potion of might
Comestibles
 f - 2 rations
 m - 3 chunks of flesh


   Skills:
 - Level 3.6 Fighting
 + Level 6.9 Maces & Flails
 - Level 3.2 Armour
 - Level 3.2 Shields


You had 5 spell levels left.
You didn't know any spells.
Your spell library was empty.

Dungeon Overview and Level Annotations

Branches:
Dungeon (4/15)
 Temple: D:4-7

Altars:
Fedhas
Nemelex Xobeh

Shops:
D:4 [

Annotations:
D:3 exclusion: oklob plant
D:4 Menkaure


Innate Abilities, Weirdness & Mutations

You are agile. (Dex +2)
Your mind is acute. (Int +2)


Message History

The orc wizard is severely wounded.
The orc wizard hits you but does no damage.
Menkaure murmurs a few words.
Menkaure casts a spell at you.
You barely resist. You hit the orc wizard.
You kill the orc wizard!
You block Menkaure's attack.
You hit Menkaure.
Menkaure is heavily damaged.
Menkaure casts a spell at you. Pain shoots through your body!
* * * LOW HITPOINT WARNING * * *
An orc comes into view.
Your shield and plate armour prevent you from hitting Menkaure.
Menkaure is heavily damaged.
The orc shouts!
You hear a shout!
Menkaure casts a spell at you. Pain shoots through your body!
You die...

.........#...
..........#..o
..........#..#
.........#..#
.........#..#
.#......#..#
#######.#......#)M#
.....##.#...())#@.#
.....##.#...)(....#
.....#...###......#
.........###......#
...............#..#
........#......#..#
.....##).∩.....#..#
[..............#..#
.....##....##..#..#


You could see Menkaure and an orc.

Vanquished Creatures
  Crazy Yiuf (D:2)
  2 orc wizards
  Ijyb (D:2)
  Terence (D:2)
  An adder (D:3)
  2 oozes (D:3)
  4 worms
  A dart slug (D:1)
  4 leopard geckos
  11 orcs
  3 giant cockroaches
  16 goblins
  6 hobgoblins
  2 jackals (D:4)
  A ball python (D:3)
  12 bats
  3 frilled lizards
  9 kobolds
  13 rats
93 creatures vanquished.

Notes
Turn   | Place    | Note
-------+----------+-------------------------------------------
     0 | D:1      | Curus the Hill Orc Fighter began the quest for the Orb.
     0 | D:1      | Reached XP level 1. HP: 19/19 MP: 1/1
   103 | D:1      | Reached XP level 2. HP: 12/26 MP: 2/2
   311 | D:1      | Reached skill level 3 in Maces & Flails
   575 | D:1      | Gained mutation: Your mind is acute. (Int +2) [potion of
                  | mutation]
   575 | D:1      | Gained mutation: You are agile. (Dex +2) [potion of
                  | mutation]
   680 | D:1      | Reached XP level 3. HP: 29/31 MP: 3/3
   928 | D:2      | Reached skill level 4 in Maces & Flails
  1193 | D:2      | Noticed Ijyb
  1193 | D:2      | Noticed Terence
  1210 | D:2      | Killed Terence
  1210 | D:2      | Reached XP level 4. HP: 39/39 MP: 4/4
  1227 | D:2      | Killed Ijyb
  1227 | D:2      | Reached skill level 5 in Maces & Flails
  1563 | D:2      | Found a runed translucent door.
  1564 | D:2      | Noticed Crazy Yiuf
  1721 | D:2      | Killed Crazy Yiuf
  1721 | D:2      | Reached XP level 5. HP: 15/45 MP: 5/5
  2033 | D:3      | Reached skill level 6 in Maces & Flails
  2249 | D:3      | Found a blossoming altar of Fedhas.
  2268 | D:3      | Noticed an oklob plant
  2476 | D:3      | Reached XP level 6. HP: 51/51 MP: 6/6
  2480 | D:3      | Found a sparkling altar of Nemelex Xobeh.
  2736 | D:4      | Found Vaskyt's Armour Emporium.
  2811 | D:4      | Noticed Menkaure
  2825 | D:4      | Identified the +8 hunting sling "Giochoneu" {flame, Str+3
                  | Dex+3}
  2826 | D:4      | Killed from afar by Menkaure

Skill      XL: |  1  2  3  4  5 |
---------------+----------------+-----
Maces & Flails | 3 4 5 6 |  6.9
Fighting       | |  3.6
Armour         | |  3.2
Shields        | |  3.2

Action                   |  1- 3 |  4- 6 || total
-------------------------+-------+-------++-------
Melee: Flail             |   171 |   210 ||   381
  Use: Scroll            |     6 |     2 ||     8
       Potion            |     3 |     3 ||     6
  Eat: Chunk             |     1 |     3 ||     4
       Ration            |       |     1 ||     1
Armor: Plate armour      |    99 |   138 ||   237
       Scale mail        |     1 |       ||     1
Dodge: Dodged            |    10 |    24 ||    34
Block: Shield            |    89 |   110 ||   199
